 Dungeon Crawl Stone Soup version 0.32-a0-891-gc41d80381e (webtiles) character file.

Game seed: 68937903386391629

105 Ijustatesigmund the Conjurer (level 4, 0/29 HPs)
             Began as an Octopode Conjurer on Apr 3, 2024.
             Slain by Grinder (8 damage)
             ... while paralysed by Grinder
             ... on level 3 of the Dungeon.
             The game lasted 00:03:27 (3158 turns).

Ijustatesigmund the Conjurer (Octopode Conjurer)    Turns: 3158, Time: 00:03:27

Health: 0/29       AC:  1    Str:  6    XL:     4   Next: 81%
Magic:  1/8        EV:  2    Int: 22    God:
Gold:   59         SH:  0    Dex: 10    Spells: 2/9 levels left

rFire   . . .        i - +0 hand axe
rCold   . . .        (no shield)
rNeg    . . .        (helmet restricted)
rPois   .            (no amulet)
rElec   .            d - ring of see invisible
rCorr   .            (no ring)
SInv    +            (no ring)
Will    .....        (no ring)
Stlth   +++          (no ring)
HPRegen 0.24/turn    (no ring)
MPRegen 0.11/turn    (no ring)
                     (no ring)

%: no passive effects
@: paralysed
A: almost no armour, amphibious, 8 rings, camouflage 1, gelatinous body 1,
(nimble swimmer 1), tentacles
a: no special abilities


You were on level 3 of the Dungeon.
You visited 1 branch of the dungeon, and saw 3 of its levels.

You collected 59 gold pieces.

Inventory:

Hand Weapons
 i - a +0 hand axe (weapon)
Armour
 g - a +0 tower shield
Jewellery
 d - a ring of see invisible (left tentacle)
Scrolls
 b - 4 scrolls of teleportation {unknown}
 e - 4 scrolls of identify {unknown}
 f - a scroll of immolation {unknown}
 h - a scroll of summoning {unknown}
 j - a scroll of noise {unknown}
 k - a scroll of poison {unknown}
Potions
 a - a potion of magic
 c - 3 potions of might {unknown}
 l - a potion of lignification {unknown}


   Skills:
 - Level 2.0 Fighting
 - Level 2.0 Dodging
 - Level 2.6 Stealth
 + Level 3.1 Spellcasting
 - Level 4.5 Conjurations
 + Level 1.2 Translocations


You had 2 spell levels left.
You knew the following spells:

 Your Spells              Type           Power      Damage    Failure   Level
a - Magic Dart            Conj           92%        1d7       1%          1
b - Searing Ray           Conj           46%        2d6       2%          2
c - Iskenderun's Mystic Conj/Tloc 16%            2d5        (+2d2     36%         4

Your spell library contained the following spells:

 Spells                   Type           Power      Damage    Failure   Level
 Momentum Strike          Conj/Tloc      32%        3d8       5%          2
 Blink                    Tloc           16%        N/A       11%         2
 Lesser Beckoning         Tloc           16%        N/A       11%         2
 Summon Small Mammal      Summ           12%        N/A       12%         1
 Fulminant Prism          Conj/Alch      6%         3d7       43%         4


Dungeon Overview and Level Annotations

Branches:
Dungeon (3/15)

Altars:

Annotations:
D:3 Grinder


Innate Abilities, Weirdness & Mutations

You cannot wear most types of armour.
You are amphibious.
You can wear up to eight rings at the same time.
Your skin changes colour to match your surroundings (Stealth+).
Your rubbery body absorbs attacks. (AC +1, EV +1)
((You are camouflaged when in or above water. (Stealth+)))
You have tentacles for arms and can constrict up to eight enemies at once.


Message History

Confirm with . or Enter, or press ? or * to list all spells.
Aiming: Magic Dart (safe; 1% risk of failure)
Press: ? - help, Shift-Dir - straight line, f/p - Grinder
Aim: Grinder (lightly wounded, 100% to hit)
The magic dart hits Grinder.
Grinder is moderately wounded.
Casting: Magic Dart (safe; 1% risk of failure)
Confirm with . or Enter, or press ? or * to list all spells.
Aiming: Magic Dart (safe; 1% risk of failure)
Press: ? - help, Shift-Dir - straight line, f/p - Grinder
Aim: Grinder (moderately wounded, 100% to hit)
The magic dart hits Grinder.
Grinder is moderately wounded.
Grinder gestures at you.
You suddenly lose the ability to move!
You can move again.
Casting: Magic Dart (safe; 1% risk of failure)
Confirm with . or Enter, or press ? or * to list all spells.
Aiming: Searing Ray (safe; 2% risk of failure)
Press: ? - help, Shift-Dir - straight line, f/p - Grinder
Aim: Grinder (moderately wounded, 75% to hit)
The searing ray hits Grinder.
Grinder is moderately wounded. (Press . to maintain the ray.)
The searing ray hits Grinder.
Grinder is heavily wounded.
The searing ray misses Grinder.
The searing ray hits Grinder.
Grinder is heavily wounded.
You finish channelling your searing ray.
Grinder gestures at you.
You suddenly lose the ability to move!
Grinder gestures at you. You resist with significant effort. Grinder hits you!
You writhe in agony.
Grinder hits you!
You writhe in agony.
* * * LOW HITPOINT WARNING * * *
Grinder hits you!
You die...
Grinder says, "Hey, I wasn't done torturing you yet!"

...................
...........#
...####..
......#..#
#.....g.5
.........# #.#
.....##.########.#
#.#...#.#......#.#
#.###.#.#.####.#.#
#.# #.#.#.##<#.#5#
#.# #.#.#.##.#.#@#
#.# #.#.#.##.#.#.#
<.###.#.#.##.#.#.#
......#.#....#.#.#
.######†######.#.#
.# #.# #.#.# .#
#.######÷#.# .#
#........#)#
.###############.#


You could see Grinder.

Vanquished Creatures
  A bombardier beetle (D:3)
  2 gnolls (D:2)
  An adder (D:3)
  A dart slug (D:1)
  A ribbon worm (D:2)
  4 endoplasms
  7 giant cockroaches
  5 hobgoblins
  2 quokkas
  2 ball pythons
  2 bats
  A frilled lizard (D:3)
  7 goblins
  2 kobolds
  2 rats (D:1)
40 creatures vanquished.

Notes
Turn   | Place    | Note
-------+----------+-------------------------------------------
     0 | D:1      | Ijustatesigmund the Octopode Conjurer began the quest for
                  | the Orb.
     0 | D:1      | Reached XP level 1. HP: 11/11 MP: 3/3
   484 | D:1      | Reached XP level 2. HP: 18/18 MP: 0/5
   869 | D:1      | Reached skill level 1 in Fighting
  1289 | D:1      | Reached XP level 3. HP: 23/23 MP: 4/6
  1362 | D:1      | Learned a level 2 spell: Searing Ray
  2244 | D:2      | Found a faded altar of an unknown god.
  2248 | D:2      | Got Plato's Information on Illusion
  2379 | D:2      | Reached XP level 4. HP: 7/29 MP: 1/8
  2768 | D:3      | Learned a level 4 spell: Iskenderun's Mystic Blast
  2773 | D:3      | Reached skill level 1 in Translocations
  3133 | D:3      | Noticed Grinder
  3149 | D:3      | Paralysed by Grinder for 2 turns
  3154 | D:3      | Paralysed by Grinder for 5 turns
  3158 | D:3      | Slain by Grinder

Illustrated notes

Levels and vault maps discovered:
D:1:      psy_arrival_terrarium, layout_loops_ring
D:2:      layout_basic, shapermc_ecumenical_altar_rom_forum
D:3:      wad_lake_hut, layout_basic, uniq_robin, uniq_grinder, uniq_sigmund

Skill      XL: |  1  2  3  4 |
---------------+-------------+-----
Fighting       | 1 2 |  2.0
Spellcasting   | 3 |  3.1
Translocations | 1 |  1.2
Dodging        | |  2.0
Stealth        | |  2.6
Conjurations   | |  4.5

Action                     |  1- 3 |  4- 6 || total
---------------------------+-------+-------++-------
  Melee: Unarmed           |     8 |       ||     8
         Tentacles         |     4 |       ||     4
         Constrict         |     2 |     1 ||     3
         Short sword       |     3 |       ||     3
         Hand axe          |     3 |     2 ||     5
   Cast: Magic Dart        |    56 |     7 ||    63
         Searing Ray       |     2 |     3 ||     5
   Stab: Sleeping          |     1 |       ||     1
 Armour: Skin              |    14 |     5 ||    19
  Dodge: Dodged            |     7 |     3 ||    10

Table legend: (Time is in decaauts)
 A = Elapsed time spent in this place.
 B = Non-inter-level travel time spent in this place.
 C = Inter-level travel time spent in this place.
 D = Time resting spent in this place.
 E = Time spent auto-exploring this place.
 F = Levels seen in this place.
 G = Mean time per level.
                   A        B        C        D        E       F      G
               +--------+--------+--------+--------+--------+-----+--------+
         Total |   3157 |   3113 |     44 |    919 |   1910 |   3 | 1052.3 |
       Dungeon |   3157 |   3113 |     44 |    919 |   1910 |   3 | 1052.3 |
               +--------+--------+--------+--------+--------+-----+--------+

Top non-repeatable levels by time:
     D:1: 1392 daAuts
     D:2: 1302 daAuts
     D:3: 462 daAuts
